 Dungeon Crawl Stone Soup version 0.26.0-41-g79a4fc7684 (webtiles) character file.

Game seed: 17573524352429536435

11138 kaeus the Covert (level 11, -7/77 HPs)
             Began as an Octopode Fighter on Jan 27, 2021.
             Was a Believer of Dithmenos.
             Killed from afar by a smoke demon (29 damage)
             ... with a ball of steam
             ... in a Gauntlet.
             The game lasted 00:28:00 (14961 turns).

kaeus the Covert (Octopode Fighter)                Turns: 14961, Time: 00:28:01

Health: -7/77      AC:  1    Str: 16    XL:     11   Next: 73%
Magic:  11/11      EV: 18    Int: 11    God:    Dithmenos [**....]
Gold:   500        SH: 15    Dex: 20    Spells: 10/10 levels left

rFire    . . .     SeeInvis .   l - +5 short sword (venom)
rCold    . . .     Faith    .   b - +4 kite shield
rNeg     . . .     Spirit   .   (helmet restricted)
rPois    +         Reflect  .   (no amulet)
rElec    .         Harm     .   k - +6 ring of dexterity
rCorr    .         Rampage  .   f - ring of poison resistance
Will     .....     NoTele   +   (no ring)
Stlth    +++.......             (no ring)
HPRegen  0.22/turn              (no ring)
MPRegen  0.12/turn              (no ring)
                                (no ring)
                                (no ring)

@: liquid flames, glowing
A: almost no armour, stealthy swim, amphibious, 8 rings, constrict 8, camouflage
1, gelatinous body 1
a: Renounce Religion, Shadow Step


You were in a Gauntlet.
You worshipped Dithmenos.
Dithmenos was pleased with you.
You visited 1 branch of the dungeon, and saw 12 of its levels.
You also visited: Sewer and Gauntlet.

You collected 812 gold pieces.
You spent 312 gold pieces at shops.

Inventory:

Hand Weapons
 l - a +5 short sword of venom (weapon)
 m - a +1 vampiric dagger
Missiles
 h - 5 silver boomerangs
Armour
 b - a +4 kite shield (worn)
Jewellery
 f - a ring of poison resistance (right tentacle)
 k - a +6 ring of dexterity (left tentacle)
Wands
 j - a wand of polymorph (27)
 p - a wand of flame (19)
 v - a wand of disintegration (37)
 y - a wand of acid (33)
 z - a wand of iceblast (9)
Scrolls
 e - 3 scrolls of fear
 g - 4 scrolls of remove curse
 n - 5 scrolls of teleportation
 o - 3 scrolls of blinking
 w - 3 scrolls of amnesia
Potions
 a - a potion of ambrosia
 c - 2 potions of might
 d - a potion of magic
 s - 3 potions of heal wounds
 t - 3 potions of curing
 u - 3 potions of brilliance
 x - 2 potions of cancellation
Miscellaneous
 q - a lightning rod (4/4)


   Skills:
 + Level 8.1 Fighting
 + Level 7.7 Short Blades
 + Level 8.2 Dodging
 * Level 14.3 Stealth
 + Level 8.0 Shields


You had 10 spell levels left.
You didn't know any spells.
Your spell library contained the following spells:

 Spells                   Type           Power        Failure   Level
 Magic Dart               Conj           0%           65%         1
 Summon Small Mammal      Summ           0%           65%         1
 Blink                    Tloc           N/A          78%         2
 Call Imp                 Summ           0%           78%         2
 Slow                     Hex            0%           78%         2
 Call Canine Familiar     Summ           0%           95%         3
 Conjure Flame            Conj/Fire      0%           95%         3
 Mephitic Cloud           Conj/Pois/Air  0%           95%         3
 Summon Guardian Golem    Hex/Summ       0%           95%         3
 Summon Ice Beast         Ice/Summ       0%           100%        4
 Summon Lightning Spire   Summ/Air       0%           100%        4


Dungeon Overview and Level Annotations

Branches:
Dungeon (12/15)            Temple (0/1) D:7            Lair (0/6) D:8
    Orc (0/2) D:9           Sewer (visited)         Gauntlet (1/1)

Altars:
Cheibriados
Dithmenos
Gozag
Qazlal
Uskayaw
Wu Jian
Yredelemnul
Zin
The Shining One
Lugonu

Shops:
D:8 }   D:9 ?

Portals:
Abyss: D:6
Trove: D:12 (show abyssal rune of Zot)

Annotations:
D:7 1 runed translucent door, Gadfly's ghost, novice OgMo Gauntlet 11 transporters, 1 runed translucent door


Innate Abilities, Weirdness & Mutations

You cannot wear most types of armour.
You are very stealthy in the water. (Stealth+)
You are amphibious.
You can wear up to eight rings at the same time.
You can use your tentacles to constrict eight enemies at once.
Your skin changes colour to match your surroundings (Stealth+).
Your rubbery body absorbs attacks. (AC +1, EV +1)


Message History

You block the red devil's attack.
The crimson imp blinks!
You take 9 damage, and have 67/77 hp.
You are covered in liquid flames!
The smoke demon gestures at you. The ball of steam hits you!
You block the red devil's attack.
You take 19 damage, and have 48/77 hp.
MASSIVE DAMAGE!!
You barely miss the red devil. You grab the red devil.
You are engulfed in a cloud of scalding steam.
You are covered in liquid flames!
You constrict the red devil, but do no damage.
You block the smoke demon's attack. The smoke demon closely misses you.
The smoke demon barely misses you.
You take 7 damage, and have 41/77 hp.
You release your grip on the red devil.
You are covered in liquid flames!
The red devil hits you from afar with a +0 trident!
* * * LOW HITPOINT WARNING * * *
The smoke demon gestures at you. The ball of steam hits you!!
You die...

#≈.......................
##..###########..########
#§..#.........#..#G......
##§.#..##.##..#..#.##^.^#
#§§§#.#..#..#?#..#.#.#.#.
##§§#.#..#..#.####..##.##
#≈§©#.4#####.©#©©#..#.©^#
##§§#.#§©#..#.####.G##.##
#§§§#5#3@#..#"#..#.#.#.#.
##§§#..##.##..#..#.##..^#
#§..#.........#..#.......
##§.###########..########
#§§∩.....................
##§....§§................
##≈#≈#§§.#########..####
######§.#Y##.#[.#..#455
#≈..##Y#..###..###3


You could see a yak, a smoke demon (very poisoned), a red devil and a crimson
imp.

Vanquished Creatures
  4 two-headed ogres
  Urug (D:10)
  An ugly thing (D:10)
  A centaur zombie (D:11)
  Maggie (D:10)
  A hornet (D:11)
  Grinder (D:4)
  A shadow (D:12)
  4 wyverns
  9 yaks
  A basilisk (D:8)
  4 water moccasins
  2 sky beasts
  4 black bears
  2 ice beasts (D:10)
  An eye of draining (D:10)
  2 centaurs
  2 wolves (D:8)
  2 ogres
  A big kobold (D:8)
  2 bullfrogs
  4 scorpions
  17 killer bees
  6 howler monkeys
  2 crimson imps (Gauntlet)
  A quasit (D:11)
  6 hounds
  2 orc priests (D:4)
  8 orc wizards
  2 bullfrog skeletons
  A centaur skeleton (D:5)
  Jessica (D:3)
  4 iguanas
  Natasha (D:4)
  10 worker ants
  A hound skeleton (D:10)
  7 gnolls
  11 adders
  A river rat (D:3)
  3 shadow imps
  2 white imps (D:7)
  4 ufetubi
  2 oozes
  3 adder skeletons
  5 worms
  3 dart slugs
  A leopard gecko (D:3)
  20 orcs
  3 ball pythons (D:3)
  9 giant cockroaches
  6 goblins
  3 hobgoblins (D:1)
  10 jackals
  16 kobolds
  3 quokkas
  9 bats
  6 frilled lizards
  A quokka zombie (D:7)
  9 rats
  A lurking horror (D:6)
251 creatures vanquished.

Vanquished Creatures (others)
  6 fungi (D:8)
  2 lurking horrors (D:6)
  23 plants (D:8)
31 creatures vanquished.

Grand Total: 282 creatures vanquished

Notes
Turn   | Place    | Note
-------+----------+-------------------------------------------
     0 | D:1      | kaeus the Octopode Fighter began the quest for the Orb.
     0 | D:1      | Reached XP level 1. HP: 16/16 MP: 1/1
   266 | D:1      | Reached skill level 1 in Stealth
   296 | D:1      | Reached XP level 2. HP: 16/21 MP: 2/2
   529 | D:1      | Reached XP level 3. HP: 26/26 MP: 3/3
   739 | D:1      | Reached skill level 2 in Stealth
  1120 | D:2      | Reached XP level 4. HP: 13/31 MP: 4/4
  1196 | D:2      | Reached skill level 3 in Stealth
  1906 | D:2      | Reached XP level 5. HP: 10/36 MP: 5/5
  2402 | D:3      | Found a glowing drain.
  2415 | Sewer    | Entered a sewer
  2765 | Sewer    | Reached skill level 4 in Stealth
  2835 | Sewer    | Noticed a water moccasin
  2845 | Sewer    | Killed a water moccasin
  2846 | Sewer    | Reached XP level 6. HP: 34/43 MP: 6/6
  3112 | D:3      | Reached skill level 5 in Stealth
  3120 | D:3      | Noticed Jessica
  3127 | D:3      | Killed Jessica
  3881 | D:4      | Noticed Natasha
  3889 | D:4      | Killed Natasha
  4016 | D:4      | Reached XP level 7. HP: 15/48 MP: 7/7
  4367 | D:4      | Noticed Grinder
  4378 | D:4      | Killed Grinder
  4379 | D:4      | Reached skill level 6 in Stealth
  4834 | D:4      | Reached skill level 7 in Stealth
  4834 | D:4      | Reached XP level 8. HP: 39/54 MP: 8/8
  5219 | D:5      | Entered Level 5 of the Dungeon
  5992 | D:5      | Reached skill level 5 in Dodging
  6440 | D:6      | Reached skill level 5 in Fighting
  6440 | D:6      | Reached skill level 8 in Stealth
  6451 | D:6      | Reached skill level 5 in Shields
  6797 | D:6      | Found a one-way gate to the infinite horrors of the Abyss.
  6797 | D:6      | Found a corrupted altar of Lugonu.
  7673 | D:6      | Found a hide-covered altar of Uskayaw.
  8092 | D:7      | Found a glowing silver altar of Zin.
  8290 | D:7      | Found a shadowy altar of Dithmenos.
  8591 | D:7      | Became a worshipper of Dithmenos the Shadowed
  9027 | D:7      | Reached skill level 9 in Stealth
  9029 | D:7      | Reached XP level 9. HP: 56/61 MP: 9/9
  9054 | D:7      | Reached skill level 5 in Short Blades
  9344 | D:7      | Found a runed translucent door.
  9347 | D:7      | Noticed Gadfly's ghost (novice OgMo)
  9426 | D:7      | Found a staircase to the Ecumenical Temple.
  9553 | D:8      | Found Boluos's Gadget Shoppe.
  9621 | D:8      | Bought a wand of acid (8) for 312 gold pieces
  9932 | D:8      | Found a snail-covered altar of Cheibriados.
  9951 | D:8      | Reached skill level 10 in Stealth
 10002 | D:8      | Reached * piety under Dithmenos
 10445 | D:8      | Found a staircase to the Lair.
 10496 | D:8      | Reached skill level 11 in Stealth
 10781 | D:8      | Reached XP level 10. HP: 41/69 MP: 10/10
 11582 | D:9      | Found Tyjyqaos's Magic Scroll Shoppe.
 11595 | D:9      | Noticed a two-headed ogre
 11597 | D:9      | Found a staircase to the Orcish Mines.
 11710 | D:9      | Found an ornate altar of the Wu Jian Council.
 11714 | D:9      | Found an opulent altar of Gozag.
 12300 | D:9      | Noticed a two-headed ogre
 12321 | D:9      | Found a glowing golden altar of the Shining One.
 12361 | D:9      | Killed a two-headed ogre
 12362 | D:9      | Reached skill level 12 in Stealth
 12431 | D:9      | Killed a two-headed ogre
 12683 | D:9      | Found a basalt altar of Yredelemnul.
 12746 | D:10     | Entered Level 10 of the Dungeon
 12746 | D:10     | Noticed Maggie
 12753 | D:10     | Killed Maggie
 12810 | D:10     | Found a stormy altar of Qazlal.
 12865 | D:10     | Noticed a two-headed ogre
 12867 | D:10     | Killed a two-headed ogre
 13141 | D:10     | Reached XP level 11. HP: 75/75 MP: 11/11
 13161 | D:10     | Noticed Urug
 13186 | D:10     | Killed Urug
 13187 | D:10     | Reached skill level 13 in Stealth
 13719 | D:10     | Noticed a red ugly thing
 13729 | D:10     | Killed a red ugly thing
 14278 | D:11     | Reached ** piety under Dithmenos
 14563 | D:11     | Noticed a two-headed ogre
 14572 | D:11     | Killed a two-headed ogre
 14573 | D:11     | Reached skill level 14 in Stealth
 14663 | D:12     | Found a portal to a secret trove of treasure.
 14695 | D:12     | Found a gate leading to a gauntlet.
 14706 | Gauntlet | Entered a Gauntlet
 14706 | Gauntlet | Found a transporter.
 14706 | Gauntlet | Found a transporter.
 14706 | Gauntlet | Found a transporter.
 14752 | Gauntlet | Found a transporter.
 14754 | Gauntlet | Found a transporter.
 14754 | Gauntlet | Noticed a shining eye
 14756 | Gauntlet | Found a transporter.
 14767 | Gauntlet | Found a transporter.
 14767 | Gauntlet | Found a transporter.
 14768 | Gauntlet | Found a transporter.
 14770 | Gauntlet | Found a transporter.
 14771 | Gauntlet | Noticed a sixfirhy
 14772 | Gauntlet | Noticed a sixfirhy
 14772 | Gauntlet | Noticed a sixfirhy
 14774 | Gauntlet | Noticed a sixfirhy
 14780 | Gauntlet | Found a transporter.
 14781 | Gauntlet | Found a transporter.
 14883 | Gauntlet | Found a runed translucent door.
 14961 | Gauntlet | Killed from afar by a smoke demon

Illustrated notes

Levels and vault maps discovered:
D:1:      psy_arrival_whirlpool, layout_loops_corners, glass_columns_b
D:2:      layout_basic, minmay_misc_feat_doors
D:3:      layout_basic, portal_sewer_entry_a, chequers_serial_rivers_large_a,
          roderic_serpentine_path, grunt_ministairs_4, uniq_jessica
D:4:      layout_basic, uniq_grinder, uniq_natasha
D:5:      layout_basic
D:6:      layout_cave_pods, general_overflow_altar,
          amcnicky_altar_lugonu_corruption
D:7:      layout_basic, lemuel_crystal_altar, minmay_temple_entry_fiery,
          hellmonk_ghost_happy_afterlife, nicolae_dithmenos_shadow_blocks
D:8:      layout_loops_ring, minmay_lair_entry_grove, serial_shops,
          nicolae_shop_trees, cheibriados_altar_1
D:9:      layout_irregular_city, lemuel_coloured_pillars_altar,
          grunt_temple_overflow_open, nicolae_tso_swordbearing_angel,
          serial_shops, shop, grunt_ministairs_1
D:10:     layout_basic, basic_altar, uniq_maggie, uniq_urug
D:11:     minmay_razor_zed, layout_basic, corexii_hall_statues_l
D:12:     layout_rooms, gauntlet_entry_generic, enter_trove_3,
          minmay_guarded_unrand_variability
Gauntlet: minmay_gauntlet_mixed_big_or_small [nicolae_gauntlet_arena_quarters,
          minmay_gauntlet_arena_77_tiled_triplets,
          gammafunk_gauntlet_arena_corners,
          minmay_gauntlet_arena_77_broken_ladder,
          gammafunk_gauntlet_arena_teeth, minmay_gauntlet_arena_77_path,
          gauntlet_exit_hidden_loot]

Skill      XL: |  1  2  3  4  5  6  7  8  9 10 11 |
---------------+----------------------------------+-----
Stealth        | 1 2 3 4 5 7 9 11 12 14 | 14.3
Short Blades   | 3 4 5 6 7 |  7.7
Fighting       | 4 5 6 7 8 |  8.1
Dodging        | 4 5 6 7 8 |  8.2
Shields        | 4 5 6 7 8 |  8.0

Action                   |  1- 3 |  4- 6 |  7- 9 | 10-12 || total
-------------------------+-------+-------+-------+-------++-------
Melee: Rapier            |    45 |    44 |       |       ||    89
       Constrict         |    10 |    35 |    59 |    18 ||   122
       Tentacles         |     5 |    29 |    83 |    22 ||   139
       Short sword       |       |    12 |       |   124 ||   136
       Dagger            |       |    61 |   326 |    35 ||   422
Evoke: Wand              |       |       |     7 |     2 ||     9
  Use: Scroll            |       |     3 |    10 |     8 ||    21
       Potion            |       |       |     3 |     7 ||    10
 Stab: Sleeping          |     6 |    12 |    24 |    44 ||    86
       Distracted        |       |       |     2 |     2 ||     4
Armor: Skin              |     2 |    13 |     5 |     1 ||    21
Dodge: Dodged            |    16 |    61 |   145 |    44 ||   266
Block: Kite shield       |    10 |    60 |   150 |    64 ||   284
